 Dungeon Crawl Stone Soup version 0.29-a0-817-g9904bce7a6 (webtiles) character file.

Game seed: 14338146490820130633

823 kae the Conjurer (level 7, -6/36 HPs)
             Began as a Tengu Fire Elementalist on July 5, 2022.
             Mangled by a human zombie (7 damage)
             ... in an ossuary.
             The game lasted 00:05:03 (4543 turns).

kae the Conjurer (Tengu Fire Elementalist)          Turns: 4543, Time: 00:05:03

Health: -6/36      AC:  2    Str:  8    XL:     7   Next: 96%
Magic:  6/13       EV: 14    Int: 17    God:
Gold:   145        SH:  0    Dex: 15    Spells: 7/13 levels left

rFire   + . .      SeeInvis .   h - staff of fire {!a}
rCold   . . .      Faith    .   (no shield)
rNeg    . . .      Spirit   .   a - +0 robe
rPois   +          Reflect  .   (helmet restricted)
rElec   .          Harm     .   (no cloak)
rCorr   .          Rampage  .   (no gloves)
Will    .....                   (boots unavailable)
Stlth   ++........              (no amulet)
HPRegen 0.12/turn               P - ring of poison resistance
MPRegen 0.13/turn               (no ring)

@: flying quickly and evasively, quick
A: beak, talons 3, nimble flight
a: no special abilities


You were in an ossuary.
You visited 1 branch of the dungeon, and saw 5 of its levels.
You also visited: Ossuary.

You collected 145 gold pieces.


Innate Abilities, Weirdness & Mutations

You have a beak for a mouth.
You have claws for feet.
Your magical nature lets you fly swiftly and evasively.


   Skills:
 - Level 2.1 Dodging
 - Level 2.0 Stealth
 + Level 3.9 Spellcasting
 * Level 7.2 Conjurations
 * Level 6.8 Fire Magic


You had 7 spell levels left.
You knew the following spells:

 Your Spells              Type           Power      Damage    Failure   Level
a - Foxfire               Conj/Fire      100%       2x1d9     1%          1
b - Scorch                Fire           80%        2d9       1%          2
c - Conjure Flame         Conj/Fire      40%        6-21      2%          3

Your spell library contained the following spells:

 Spells                   Type           Power      Damage    Failure   Level
 Flame Wave               Conj/Fire      40%        2d9       9%          4
 Inner Flame              Hex/Fire       22%        N/A       12%         3
 Apportation              Tloc           6%         N/A       16%         1
 Fulminant Prism          Conj/Hex       7%         3d7       34%         4
 Iskenderun's Mystic Bla  Conj/Tloc      15%        2d5       34%         4
 Alistair's Intoxication  Tmut/Pois      2%         N/A       99%         5
 Lee's Rapid Deconstruct  Erth           1%         3d5*      99%         5

Inventory:

Hand Weapons
 p - a +7 club
   (You took it off Jessica on level 2 of the Dungeon)
Missiles
 m - 16 stones
 n - 3 poisoned darts
Armour
 a - a +0 robe (worn)
 b - a +0 animal skin
   (You took it off Robin on level 2 of the Dungeon)
 d - a +0 cloak
   (You found it on level 2 of the Dungeon)
 j - a +0 leather armour
   (You took it off an orc on level 6 of the Dungeon)
 o - a +0 robe
   (You took it off Jessica on level 2 of the Dungeon)
 r - a +0 scale mail
   (You found it on level 2 of the Dungeon)
 s - a +0 chain mail
   (You found it on level 5 of the Dungeon)
 z - a +0 ring mail
   (You found it in an ossuary)
Magical Staves
 h - a staff of fire (weapon) {!a}
   (You found it on level 1 of the Dungeon)
Jewellery
 N - a ring of positive energy
   (You found it on level 5 of the Dungeon)
 P - a ring of poison resistance (left hand)
   (You found it on level 3 of the Dungeon)
 T - an amulet of faith {!P}
   (You found it on level 5 of the Dungeon)
Wands
 g - a wand of iceblast (6)
   (You found it on level 2 of the Dungeon)
Scrolls
 c - a scroll of fear
 t - a scroll of acquirement {unknown}
 u - a scroll of immolation {!r!r}
 w - 2 scrolls of summoning {unknown}
 x - 2 scrolls of poison
 y - 2 scrolls of identify {@r1}
Potions
 e - 2 potions of curing {@q1}
 f - 2 potions of resistance
 i - 2 potions of heal wounds {unknown}
 k - 2 potions of mutation {unknown}
 l - 3 potions of haste {@q3}
 q - a potion of cancellation {unknown}
 v - 2 potions of brilliance {unknown}

Dungeon Overview and Level Annotations

Branches:
Dungeon (6/15) Zot: 26553 Ossuary (1/1) Zot: 4975
 Temple: D:4-7

Altars:
Hepliaklqana

Annotations:
D:2 Terence

######################
#.........∩∩.........#
#.......M.....M......#
#...##############...#
#...#.. #...#....#...#
#.Z.#...#...####.#...#
#..Z####'...ZZ@..#...#
#...#.....∩.######...#
#...#.......#....#...#
#.M.#.......#..#.#...#
#...#.......####.#...#
#...#............#...#
#...#.####^.####.#...#
#...#. #^.#..#.#...#
#...# #^.#....#...#


You could see a centaur zombie and a human zombie.


Message History

Your mp is fully restored (13).
Really fly onto that alarm trap?
You set off the alarm!
The alarm trap emits a blaring wail!
A sentinel's mark forms upon you.
Found a gate leading back out of this place.
You start waiting.
The sentinel's mark upon you fades away.
v - 2 amethyst potions
l - 3 potions of haste {@q3} (gained 2)
w - 2 scrolls labelled XARRON ECVAXI
x - 2 scrolls of poison
y - 2 scrolls of identify {@r1}
z - a +0 ring mail You reach down and open the door. 5 zombies come into view.
There are monsters nearby!
There are monsters nearby!
There are monsters nearby!
There are monsters nearby!
Casting: Foxfire (safe; 1% risk of failure)
Confirm with . or Enter, or press ? or * to list all spells.
You feel a surge of power!
You conjure some foxfire!
The human zombie hits you!
A centaur zombie comes into view.
The foxfire hits the hobgoblin zombie.
The foxfire hits the human zombie!
The human zombie hits you. 😮 HP[-9] MP[-1]
You take 9 damage, and now have 27/36 hp.
MASSIVE DAMAGE!! (PAUSE)
You lost 1 mp, and now have 12/13 mp.
The centaur zombie closely misses you.
The centaur zombie kicks you but does no damage.
Really attack while wielding your staff of fire {!a}? [Y]es or [N]o only, please.
Really attack while wielding your staff of fire {!a}?
Okay, then. 😮 MP[+1]
Your mp is fully restored (13).
Really attack while wielding your staff of fire {!a}?
You hit the human zombie. Your kick misses the human zombie.
The human zombie closely misses you.
You hit the human zombie but do no damage.
The human zombie closely misses you.
You hit the human zombie but do no damage.
You burn the human zombie! You peck the human zombie.
The human zombie hits you. 😮 HP[-5]
You take 5 damage, and now have 22/36 hp.
You hit the human zombie.
You claw the human zombie, but do no damage.
You peck the human zombie.
The human zombie hits you but does no damage.
You hit the human zombie.
You claw the human zombie, but do no damage.
The human zombie hits you.
* * * LOW HITPOINT WARNING * * *
😨 HP[-6]
You take 6 damage, and now have 16/36 hp.
Casting: Foxfire (safe; 1% risk of failure)
Confirm with . or Enter, or press ? or * to list all spells.
You feel a surge of power!
Flames lash the kobold zombie.
You destroy the kobold zombie!
The human zombie hits you.
* * * LOW HITPOINT WARNING * * *
😨 HP[-5] MP[-2]
You take 5 damage, and now have 11/36 hp.
You lost 2 mp, and now have 11/13 mp.
You hit the human zombie. Your kick misses the human zombie.
The human zombie completely misses you.
Casting: Scorch (safe; 1% risk of failure)
Confirm with . or Enter, or press ? or * to list all spells.
You feel a surge of power!
Flames lash the rat zombie.
You destroy the rat zombie!
The human zombie misses you. The human zombie hits you.
* * * LOW HITPOINT WARNING * * *
😨 HP[-1] MP[-2]
You take 1 damage, and now have 10/36 hp.
You lost 2 mp, and now have 9/13 mp.
You closely miss the human zombie. You peck the human zombie.
The human zombie hits you.
* * * LOW HITPOINT WARNING * * *
😱 HP[-6]
You take 6 damage, and now have 4/36 hp.
Casting: Scorch (safe; 1% risk of failure)
Confirm with . or Enter, or press ? or * to list all spells.
You feel a surge of power!
Flames lash the goblin zombie.
You destroy the goblin zombie!
The human zombie hits you.
* * * LOW HITPOINT WARNING * * *
The human zombie misses you. 😱 HP[-3] MP[-1]
You take 3 damage, and now have 1/36 hp.
You lost 1 mp, and now have 8/13 mp.
Casting: Scorch (safe; 1% risk of failure)
Confirm with . or Enter, or press ? or * to list all spells.
You feel a surge of power!
Flames lash the hobgoblin zombie.
You destroy the hobgoblin zombie!
The human zombie hits you!
You die...

Skill      XL: |  1  2  3  4  5  6  7 |
---------------+----------------------+-----
Conjurations   | 2 3 5 6 7 |  7.2
Fire Magic     | 4 5 6 |  6.8
Spellcasting   | 3 |  3.9
Dodging        | |  2.1
Stealth        | |  2.0

Action                   |  1- 3 |  4- 6 |  7- 9 || total
-------------------------+-------+-------+-------++-------
Melee: Staff             |       |       |     7 ||     7
       Peck              |       |       |     3 ||     3
       Kick              |       |       |     2 ||     2
 Cast: Foxfire           |    51 |    38 |    75 ||   164
       Scorch            |     5 |    25 |     8 ||    38
       Conjure Flame     |       |     1 |       ||     1
  Use: Scroll            |     4 |     5 |       ||     9
       Potion            |       |     1 |     1 ||     2
Armor: Robe              |     1 |     4 |    14 ||    19
Dodge: Dodged            |     6 |    18 |    45 ||    69

Levels and vault maps discovered:
D:1:      tarquinn_simple_flora_water_e, layout_basic,
          dilly_ecumenical_altar_fadedgnrine, palyth_stone_intersect,
          minivault_26
D:2:      layout_basic, basic_altar, uniq_terence, uniq_jessica, uniq_robin
D:3:      layout_basic, kennysheep_nondescript, uniq_crazy_yiuf_cottage
D:5:      layout_rooms, nicolae_ossuary_entry_ruins, uniq_sigmund
D:6:      layout_basic, mainiacjoe_overflow_paths, portal_sewer_entry_e,
          gammafunk_ghost_smash, minmay_crystal_room, pf_guarded_unrand_meek
Ossuary:  ossuary_tomb_1

Notes
Turn   | Place    | Note
-------+----------+-------------------------------------------
     0 | D:1      | kae the Tengu Fire Elementalist began the quest for the
                  | Orb.
     0 | D:1      | Reached XP level 1. HP: 10/10 MP: 4/4
     0 | D:1      | magus.rc [v1.11.3]
   190 | D:1      | Reached skill level 2 in Conjurations
   190 | D:1      | Reached XP level 2. HP: 15/15 MP: 3/6
   451 | D:1      | Learned a level 2 spell: Scorch
   696 | D:1      | Found a faded altar of an unknown god.
   964 | D:2      | Reached XP level 3. HP: 13/19 MP: 1/7
  1111 | D:2      | Noticed Terence
  1165 | D:2      | Reached skill level 3 in Conjurations
  1165 | D:2      | Reached skill level 4 in Fire Magic
  1502 | D:2      | Noticed Robin
  1504 | D:2      | Reached XP level 4. HP: 24/24 MP: 1/8
  1521 | D:2      | Killed Robin
  1833 | D:2      | Noticed Jessica
  1837 | D:2      | Killed Jessica
  2091 | D:2      | Found a hazy altar of Hepliaklqana.
  2134 | D:2      | You pick up a book of Blasting and begin reading...
  2134 | D:2      | You add the spells Fulminant Prism, Iskenderun's Mystic
                  | Blast and Lee's Rapid Deconstruction to your library.
  2383 | D:3      | Learned a level 3 spell: Conjure Flame
  2449 | D:3      | Gained mutation: Your magical nature lets you fly swiftly
                  | and evasively. [Tengu growth]
  2449 | D:3      | Reached XP level 5. HP: 28/28 MP: 4/9
  2452 | D:3      | Reached skill level 4 in Conjurations
  2756 | D:3      | You are sucked into a shaft and drop 3 floors!
  2853 | D:6      | Reached skill level 5 in Fire Magic
  2942 | D:6      | Reached skill level 3 in Spellcasting
  2942 | D:6      | Reached skill level 5 in Conjurations
  2942 | D:6      | Reached XP level 6. HP: 18/32 MP: 2/11
  3005 | D:6      | You pick up a book of Party Tricks and begin reading...
  3005 | D:6      | You add the spells Apportation and Alistair's Intoxication
                  | to your library.
  3258 | D:6      | Reached skill level 6 in Conjurations
  3258 | D:6      | Reached XP level 7. HP: 26/36 MP: 4/13
  3265 | D:6      | Reached skill level 6 in Fire Magic
  3313 | D:5      | Entered Level 5 of the Dungeon
  3487 | D:5      | Found a sand-covered staircase.
  3500 | Ossuary  | Entered an ossuary
  4145 | Ossuary  | HP: 9/36 [centaur zombie (1)]
  4187 | Ossuary  | HP: 5/36 [elf zombie (6)]
  4189 | Ossuary  | HP: 2/36 [elf zombie (4)]
  4207 | Ossuary  | Reached skill level 7 in Conjurations
  4539 | Ossuary  | HP: 4/36 [human zombie (6)]
  4540 | Ossuary  | HP: 1/36 [human zombie (3)]
  4543 | Ossuary  | Mangled by a human zombie

Vanquished Creatures
  An ogre (D:6)
  A centaur (D:5)
  2 phantoms
  An elf zombie (Ossuary)
  A necrophage (D:6)
  A centaur zombie (Ossuary)
  3 jellies
  Jessica (D:2)
  2 mummies (Ossuary)
  Robin (D:2)
  10 adders
  A shadow imp (D:6)
  A white imp (D:6)
  An ufetubus (D:5)
  2 adder zombies (Ossuary)
  A worm (D:2)
  6 orcs
  9 ball pythons
  3 bats
  3 endoplasms
  3 giant cockroaches
  10 goblins
  2 hobgoblins (D:2)
  A kobold (D:2)
  4 quokkas
  3 frilled lizards
  A goblin zombie (Ossuary)
  11 hobgoblin zombies (Ossuary)
  8 kobold zombies (Ossuary)
  10 orc zombies (Ossuary)
  2 rats (D:1)
  A rat zombie (Ossuary)
107 creatures vanquished.

Vanquished Creatures (others)
  277 foxfires
277 creatures vanquished.

Grand Total: 384 creatures vanquished

Table legend:
 A = Non-vault XP
 B = Vault XP
 C = Vault XP percentage of total XP
 D = Non-vault monster count
 E = Vault monster count
 F = Vault count percentage of total count
                 A         B        C        D         E       F
            +---------+---------+-------+---------+---------+-------
      Total |     878 |     298 |  25.3 |      56 |      51 |  47.7
            +---------+---------+-------+---------+---------+-------
        D:1 |      25 |       0 |   0.0 |      15 |       0 |   0.0
        D:2 |      48 |      67 |  58.3 |      13 |      10 |  43.5
        D:3 |      78 |       0 |   0.0 |      12 |       0 |   0.0
        D:5 |     277 |       3 |   1.1 |       5 |       1 |  16.7
        D:6 |     450 |       9 |   2.0 |      11 |       3 |  21.4
    Ossuary |       0 |     219 | 100.0 |       0 |      37 | 100.0
            +---------+---------+-------+---------+---------+-------

Illustrated notes

Table legend:
 A = Kills in this place as a percentage of kills in entire the game.
 B = Kills by you in this place as a percentage of kills by you in the entire game.
 C = Kills by friends in this place as a percentage of kills by friends in the entire game.
 D = Other kills in this place as a percentage of other kills in the entire game.
 E = Experience gained in this place as a percentage of experience gained in the entire game.
 F = Experience gained in this place divided by the number of levels of this place that you have seen.
                   A       B       C       D       E      F
               +-------+-------+-------+-------+-------+----------------------
         Total | 100.0 | 100.0 |   N/A |   N/A | 100.0 | 196.0
       Dungeon |  65.4 |  65.4 |   N/A |   N/A |  81.4 | 191.4
       Ossuary |  34.6 |  34.6 |   N/A |   N/A |  18.6 | 219.0
               +-------+-------+-------+-------+-------+----------------------

Table legend: (Time is in decaauts)
 A = Elapsed time spent in this place.
 B = Non-inter-level travel time spent in this place.
 C = Inter-level travel time spent in this place.
 D = Time resting spent in this place.
 E = Time spent auto-exploring this place.
 F = Levels seen in this place.
 G = Mean time per level.
                   A        B        C        D        E       F      G
               +--------+--------+--------+--------+--------+-----+--------+
         Total |   4470 |   4383 |     87 |    699 |   2634 |   6 |  745.0 |
       Dungeon |   3446 |   3359 |     87 |    185 |   2366 |   5 |  689.2 |
       Ossuary |   1023 |   1023 |      0 |    514 |    268 |   1 | 1023.0 |
               +--------+--------+--------+--------+--------+-----+--------+

Top non-repeatable levels by time:
     D:2: 1494 daAuts
 Ossuary: 1023 daAuts
     D:1: 882 daAuts
     D:6: 578 daAuts
     D:3: 368 daAuts
     D:5: 122 daAuts
